 Dungeon Crawl Stone Soup version 0.31.0-32-g396128a36d (webtiles) character file.

Game seed: 16262809877863471149

182 AdnanSaban the Covered (level 5, -2/33 HPs)
             Began as a Gargoyle Fighter on Apr 17, 2024.
             Incinerated by a bombardier beetle (6 damage)
             ... with a burning spray
             ... on level 3 of the Dungeon.
             The game lasted 00:02:41 (2640 turns).

AdnanSaban the Covered (Gargoyle Fighter)           Turns: 2640, Time: 00:02:41

Health: -2/33      AC: 17    Str: 21    XL:     5   Next: 61%
Magic:  5/5        EV:  6    Int:  9    God:
Gold:   131        SH:  4    Dex:  9    Spells: 4/4 levels left

rFire   . . .        a - +0 flail
rCold   . . .        c - +0 buckler
rNeg    + . .        v - +0 plate armour
rPois   ∞            g - +0 helmet
rElec   +            (no cloak)
rCorr   .            (no gloves)
SInv    .            (no boots)
Will    .....        (no amulet) Stlth
                     (no ring)
HPRegen 0.25/turn    (no ring)
MPRegen 0.09/turn

%: no passive effects
@: on fire, glowing
A: sickness immunity, AC +4, negative energy resistance 1, electricity
resistance, torment resistance 1, petrification resistance
a: no special abilities


You were on level 3 of the Dungeon.
You visited 1 branch of the dungeon, and saw 3 of its levels.

You collected 131 gold pieces.

Inventory:

Hand Weapons
 a - a +0 flail (weapon)
Missiles
 i - 15 poisoned darts (quivered)
 j - 6 boomerangs
Armour
 c - a +0 buckler (worn)
 g - a +0 helmet (worn)
 v - a +0 plate armour (worn)
Wands
 s - a wand of polymorph (9)
 t - a wand of quicksilver (4)
Scrolls
 e - 3 scrolls of fear {unknown}
 f - a scroll of immolation {unknown}
 k - 5 scrolls of identify {unknown}
 l - a scroll of noise {unknown}
 m - a scroll of fog {unknown}
 o - a scroll of poison {unknown}
 p - a scroll of enchant armour {unknown}
 u - a scroll of teleportation {unknown}
Potions
 d - 2 potions of might
 h - a potion of curing {unknown}
 n - a potion of resistance {unknown}
 q - 2 potions of magic {unknown}
 r - a potion of heal wounds {unknown}


   Skills:
 + Level 4.0 Fighting
 + Level 3.8 Maces & Flails
 + Level 4.3 Armour
 + Level 0.7 Dodging
 + Level 0.2 Stealth
 + Level 3.9 Shields


You had 4 spell levels left.
You didn't know any spells.
Your spell library was empty.

Dungeon Overview and Level Annotations

Branches:
Dungeon (3/15)

Altars:
The Shining One


Innate Abilities, Weirdness & Mutations

You are immune to sickness and miasma.
Your stone body is resilient. (AC +4)
You are immune to poison.
You resist negative energy. (rN+)
You are resistant to electric shocks. (rElec)
You are resistant to unholy torment.
You are immune to petrification.


Message History

The bombardier beetle is almost dead.
The liquid fire burns you!
The bombardier beetle bites you but does no damage.
You closely miss the bombardier beetle.
The bombardier beetle is almost dead.
The liquid fire burns you! The bombardier beetle bites you.
You are too injured to fight recklessly!
You are too injured to fight recklessly!
You are too injured to fight recklessly!
You are too injured to fight recklessly!
You are too injured to fight recklessly!
You are too injured to fight recklessly!
You are too injured to fight recklessly!
You are too injured to fight recklessly!
You are too injured to fight recklessly!
You are too injured to fight recklessly!
You are too injured to fight recklessly!
You are too injured to fight recklessly!
You are too injured to fight recklessly!
You are too injured to fight recklessly!
You are too injured to fight recklessly!
You shake off some of the fire as you move.
The liquid fire burns you!
You shake off the liquid fire.
The bombardier beetle sprays incendiary fluid at you.
The burning spray hits you.
You are covered in liquid fire!
You shake off some of the fire as you move.
The liquid fire burns you!
* * * LOW HITPOINT WARNING * * *
The bombardier beetle sprays incendiary fluid at you.
The burning spray hits you.
You are even more covered in liquid fire!
You shake off some of the fire as you move.
The liquid fire burns you!
* * * LOW HITPOINT WARNING * * *
You shake off some of the fire as you move.
The liquid fire burns you!
You die...

############...####.#
#. #...# #.# #.
#...####.##########.
#...##..............
#...##.#.##.....####
######.#.##.........
#.....##......###
####.....####'#..#..
#..@.....# #.#..##.
#.####'#.# #.#..... #
#B#.# #.#...#. ..#.#
#.#...## ##...#
#.#..... #.# #.#.#.##
#.# #.#.#.# ... #.#.#
#.# #.#.#


There were no monsters in sight!

Vanquished Creatures
  Ijyb (D:2)
  Robin (D:2)
  4 gnolls
  4 adders
  A ribbon worm (D:2)
  2 dart slugs
  4 orcs (D:3)
  3 endoplasms
  2 giant cockroaches
  16 goblins
  7 hobgoblins
  2 quokkas
  3 ball pythons
  5 bats
  4 frilled lizards
  4 kobolds
  A rat (D:1)
64 creatures vanquished.

Notes
Turn   | Place    | Note
-------+----------+-------------------------------------------
     0 | D:1      | AdnanSaban the Gargoyle Fighter began the quest for the
                  | Orb.
     0 | D:1      | Reached XP level 1. HP: 14/14 MP: 1/1
   144 | D:1      | Reached XP level 2. HP: 18/19 MP: 2/2
   576 | D:1      | Found a faded altar of an unknown god.
   898 | D:2      | Found a glowing golden altar of the Shining One.
   903 | D:2      | Reached XP level 3. HP: 23/23 MP: 3/3
  1045 | D:1      | Reached XP level 4. HP: 6/29 MP: 4/4
  1364 | D:2      | Noticed Jessica
  1404 | D:2      | Noticed Ijyb
  1429 | D:2      | Killed Ijyb
  1461 | D:2      | Reached XP level 5. HP: 32/33 MP: 5/5
  1594 | D:2      | Noticed Robin
  1636 | D:2      | Killed Robin
  2640 | D:3      | Incinerated by a bombardier beetle

Illustrated notes

Levels and vault maps discovered:
D:1:      eino_arrival_druids_welcome, layout_loops_corners,
          shapermc_ecumenical_altar_mp_vishouse, hangedman_abyss_or_decor_stabs
D:2:      kennysheep_the_goblin_king, layout_basic, basic_altar, uniq_robin,
          uniq_jessica
D:3:      layout_basic, st_stairs_3

Skill      XL: |  1  2  3  4  5 |
---------------+----------------+-----
Armour         | 4 |  4.3
Maces & Flails | 3 |  3.8
Fighting       | 4 |  4.0
Dodging        | |  0.7
Stealth        | |  0.2
Shields        | |  3.9

Action                     |  1- 3 |  4- 6 || total
---------------------------+-------+-------++-------
  Melee: Flail             |    59 |   179 ||   238
         Unarmed           |       |    15 ||    15
 Armour: Scale mail        |    62 |   130 ||   192
         Skin              |       |     5 ||     5
         Plate armour      |       |     4 ||     4
  Dodge: Dodged            |    33 |    82 ||   115
  Block: Buckler           |    16 |    55 ||    71
